 Dungeon Crawl Stone Soup version 0.30-a0-603-g51a0fb1b98 (webtiles) character file.

Game seed: 8102565927250182663

1686498 MackTheKnife the Acrobat (level 27, 190/228 HPs)
             Began as a Djinni Wanderer on Jan 6, 2023.
             Was the Champion of Ashenzari.
             Escaped with the Orb
             ... and 3 runes on Jan 7, 2023!
             The game lasted 02:55:18 (65458 turns).

MackTheKnife the Acrobat (Djinni Wanderer)         Turns: 65458, Time: 02:55:18

Health: 190/228    AC: 28    Str: 15    XL:     27
Gold:   6700       EV: 37    Int: 30    God:    Ashenzari [******] SH:  5 Dex: 23

rFire   + + +      SeeInvis +    P - +11 longbow "Pangnostic Loss" {drain, rC+, bow, Range, Self} (curse)
rCold   + + .      Faith    .    (shield currently unavailable)
rNeg    + + .      Spirit   .    K - quicksilver dragon scales of Star-Bound Wisdom {Will+, rare, Fort, Self} (curse)
rPois   ∞          Reflect  +    u - +2 helmet of the Shackled God {Int+3, Fort, Self} (curse)
rElec   +          Harm     .    b - +0 cloak of Ashenzari's Doubts {rElec Will+++ Str-3 Dex-2, Cun, Self} (curse)
rCorr   +          Rampage  .    l - +2 pair of gloves of Ashenzari's Annoyance {Range, Evo} (curse)
Will    +++++      Clarity  +    (boots unavailable)
Stlth   ++                       i - amulet "Chained Urgency" {Reflect rN+ Str+10 SH+5, Cun, Range} (curse)
HPRegen 0.58/turn                w - ring of Supernal Gnosis {rPois rF+ rC+ Will++ Int+6, Self, Range} (curse)
MPRegen 0.00/turn                J - ring of Desmomancy {rC+ rN+ rCorr EV+5 Dex+2, Self, Fort} (curse)

@: on vortex cooldown, flying, very slightly contaminated
A: sickness immunity, fire resistance 2, cold vulnerability 1, float, innate
caster, HP casting, extra vitality 1, strong-willed 1, wild magic 1
0: Orb of Zot
}: 3/15 runes: barnacled, silver, gossamer
a: Renounce Religion, Shatter the Chains


You escaped.
You worshipped Ashenzari.
Ashenzari was exalted by your worship.
You visited 11 branches of the dungeon, and saw 51 of its levels.
You also visited: Trove.

You collected 8333 gold pieces.
You spent 1633 gold pieces at shops.


Innate Abilities, Weirdness & Mutations

You are immune to sickness and miasma.
You are immune to poison.
Your flesh is very heat resistant. (rF++)
You are vulnerable to cold. (rC-)
You float through the air rather than walking.
You learn spells naturally, not from books.
Your magical power is your life essence.
You have superior vitality. (+4 MHP)
You are strong-willed. (Will+)
Your spells are a little harder to cast, but a little more powerful.


   Skills:
 - Level 19.1(27) Fighting
 - Level 7.7 Polearms
 - Level 16.0(22.1) Ranged Weapons
 + Level 19.0(23.8) Armour
 - Level 23.5(27) Dodging
 - Level 6.1(10.0) Stealth
 - Level 3.8(8.2) Shields
 - Level 3.0 Unarmed Combat
 - Level 19.1(27) Spellcasting
 - Level 9.3(12.0) Evocations


You had 6 spell levels left.
You knew the following spells:

 Your Spells              Type           Power      Damage    Failure   Level
a - Call Canine Familiar  Summ           100%       N/A       1%          3
b - Summon Small Mammal   Summ           100%       N/A       1%          1
c - Sticky Flame          Conj/Fire      100%       2d11      1%          4
d - Momentum Strike       Conj/Tloc      100%       3d10      1%          2
e - Gell's Gravitas       Tloc           100%       N/A       1%          3
f - Vhi's Electric Charg  Tloc/Air       100%       N/A       1%          3
g - Apportation           Tloc           100%       N/A       1%          1
h - Lee's Rapid Deconstr  Erth           66%        3d30*     1%          5
i - Death Channel         Necr           66%        N/A       1%          6
j - Conjure Ball Lightni  Conj/Air       66%        3x3d25    1%          6
k - Malign Gateway        Summ/Tloc      66%        N/A       1%          7
l - Summon Hydra          Summ           66%        N/A       1%          7
m - Disjunction           Tloc           66%        N/A       1%          8
n - Chain Lightning       Conj/Air       66%        3d88      2%          9
o - Polar Vortex          Ice            66%        N/A       2%          9

Your spell library contained the following spells:

 Spells                   Type           Power      Damage    Failure   Level


Inventory:

Hand Weapons
 P - the cursed +11 longbow "Pangnostic Loss" (weapon) {drain, rC+, bow, Range, Self}
   (You found it on level 5 of the Lair of Beasts)

   rC:        It protects you from cold.
   It has a curse which improves the following skills: Ranged Combat: Ranged
   Weapons and Throwing.
   Introspection: Fighting and Spellcasting.
 V - a +5 eveningstar of draining {macerare=g}
   (You took it off a skeletal warrior on level 3 of the Crypt)
Armour
 b - the cursed +0 cloak of Ashenzari's Doubts (worn) {rElec Will+++ Str-3 Dex-2, Cun, Self}
   (You found it on level 10 of the Dungeon)

   Str:       It affects your strength (-3).
   Dex:       It affects your dexterity (-2).
   rElec:     It insulates you from electricity.
   Will:      It greatly increases your willpower.
   It has a curse which improves the following skills: Cunning: Dodging and
   Stealth.
   Introspection: Fighting and Spellcasting.
 l - the cursed +2 pair of gloves of Ashenzari's Annoyance (worn) {Range, Evo}
   (You found it on level 1 of the Shoals)

   It has a curse which improves the following skills: Ranged Combat: Ranged
   Weapons and Throwing.
   Evocations: Evocations.
 u - the cursed +2 helmet of the Shackled God (worn) {Int+3, Fort, Self}
   (You found it on level 3 of the Elven Halls)

   It has a curse which improves the following skills: Fortitude: Armour and
   Shields.
   Introspection: Fighting and Spellcasting.
 E - +0 ice dragon scales
   (You took it off a skeletal warrior on level 2 of the Crypt)
 K - the cursed quicksilver dragon scales of Star-Bound Wisdom (worn) {Will+, rare, Fort, Self}
   (You found it on level 1 of the Elven Halls)

   Will:      It increases your willpower.
   It has a curse which improves the following skills: Fortitude: Armour and
   Shields.
   Introspection: Fighting and Spellcasting.
 U - +0 storm dragon scales {rare}
   (You found it on level 5 of the Vaults)
Jewellery
 i - the cursed amulet "Chained Urgency" (around neck) {Reflect rN+ Str+10 SH+5, Cun, Range}
   (You found it in a treasure trove)

   [amulet of reflection]

   It reflects blocked missile attacks.
   Str:       It affects your strength (+10).
   rN:        It protects you from negative energy.
   SH:        It affects your SH (+5).
   It has a curse which improves the following skills: Cunning: Dodging and
   Stealth.
   Ranged Combat: Ranged Weapons and Throwing.
 w - the cursed ring of Supernal Gnosis (left hand) {rPois rF+ rC+ Will++ Int+6, Self, Range}
   (You found it in a treasure trove)

   [ring of intelligence]

   Int:       It affects your intelligence (+6).
   rF:        It protects you from fire.
   rC:        It protects you from cold.
   rPois:     It protects you from poison.
   Will:      It greatly increases your willpower.
   It has a curse which improves the following skills: Introspection: Fighting
   and Spellcasting.
   Ranged Combat: Ranged Weapons and Throwing.
 J - the cursed ring of Desmomancy (right hand) {rC+ rN+ rCorr EV+5 Dex+2, Self, Fort}
   (You found it in a treasure trove)

   [ring of evasion]

   EV:        It affects your evasion (+5).
   Dex:       It affects your dexterity (+2).
   rC:        It protects you from cold.
   rN:        It protects you from negative energy.
   rCorr:     It protects you from acid and corrosion.
   It has a curse which improves the following skills: Introspection: Fighting
   and Spellcasting.
   Fortitude: Armour and Shields.
 W - the ring of Cippyff {rElec rN+ Str+6 Int+2}
   (You took it off a skeletal warrior on level 3 of the Crypt)

   [ring of strength]

   Str:       It affects your strength (+6).
   Int:       It affects your intelligence (+2).
   rElec:     It insulates you from electricity.
   rN:        It protects you from negative energy.
 Y - a ring of protection from cold
   (You found it on level 1 of the Realm of Zot)
Wands
 k - a wand of charming (24)
   (You found it on level 11 of the Dungeon)
 B - a wand of acid (17)
   (You found it on level 5 of the Lair of Beasts)
 C - a wand of polymorph (9)
   (You found it on level 8 of the Dungeon)
 F - a wand of flame (86)
   (You found it on level 8 of the Dungeon)
 I - a wand of mindburst (31)
   (You found it on level 4 of the Dungeon)
 L - a wand of digging (15)
   (You found it on level 2 of the Lair of Beasts)
 X - a wand of roots (27)
   (You took it off Ijyb on level 5 of the Dungeon)
Scrolls
 a - 6 scrolls of brand weapon
 c - 11 scrolls of poison
 e - 8 scrolls of enchant weapon
 f - 7 scrolls of blinking {!r}
 j - 6 scrolls of immolation {!r!r}
 p - 8 scrolls of magic mapping {!r}
 r - 7 scrolls of fear
 t - 16 scrolls of teleportation {@r4}
 y - 7 scrolls of fog
 G - 3 scrolls of silence {!r}
 N - 3 scrolls of enchant armour
 S - 4 scrolls of butterflies
Potions
 d - 6 potions of haste {@q3}
 g - 26 potions of curing {@q1}
 h - 18 potions of heal wounds {@q2}
 m - 9 potions of attraction {!q}
 n - a potion of resistance
 q - 2 potions of invisibility
 v - 10 potions of brilliance
 x - a potion of cancellation
 z - 9 potions of mutation {!q}
 A - 8 potions of berserk rage {!q}
 D - 10 potions of ambrosia
 O - 16 potions of might
 T - 4 potions of lignification {!q}
Miscellaneous
 o - a phial of floods
   (You found it on level 4 of the Vaults)
 s - a tin of tremorstones (2/2) {throwing}
   (You found it on level 3 of the Elven Halls)
 H - a condenser vane
   (You found it on level 3 of the Depths)
 M - a phantom mirror
   (You found it on level 4 of the Lair of Beasts)
 Q - a piece from Xom's chessboard (15/15)
   (You found it on level 5 of the Lair of Beasts)
 R - a lightning rod (4/4)
   (You found it on level 5 of the Vaults)

Dungeon Overview and Level Annotations

Branches:
Dungeon (15/15)            Temple (1/1) D:5            Lair (5/5) D:11
 Shoals (4/4) Lair:3       Spider (4/4) Lair:2        Slime (0/5) Lair:4
    Orc (2/2) D:9             Elf (3/3) Orc:2        Vaults (5/5) D:13
  Crypt (3/3) Vaults:2       Tomb (0/3) Crypt:3      Depths (4/4) D:15
    Zot (5/5) Depths:4

Altars:
Ashenzari
Cheibriados
Dithmenos
Elyvilon
Fedhas
Gozag
Hepliaklqana
Makhleb
Nemelex Xobeh
Okawaru
Qazlal
Ru
Trog
Uskayaw
Wu Jian
Xom
Yredelemnul
Zin
The Shining One
Jiyva

Shops:
D:2 ?   D:3 :   D:7 (   D:15 *   Orc:2 =!!(   Elf:1 =   Elf:2 *   Shoals:1 =
Shoals:2 (   Shoals:3 *   Vaults:1 ?   Vaults:4 *?(   Depths:1 [

Portals:
Hell: Depths:1 Depths:2 Depths:3 Depths:4
Abyss: Depths:3 Depths:4
Pandemonium: Depths:2
Ziggurat: Depths:3

Annotations:
D:9 2 transporters
Temple 2 transporters
Shoals:3 Roxanne
Elf:1 Frances
Elf:2 3 runed translucent doors
Elf:3 6 transporters
Crypt:3 Khufu
Zot:5 1 transporter, exclusion: 2 upstairs

..........#...#~.~#≈≈≈#.#######..
..........#...#~.~#§§§#...#####..
..........#...#~.≈#§§.#....##...#
..........#§§§#§§§#§§§#.....#..##
..........#§§§§§§§§§§§#....>#.##
#.......#.#§§§§§§§§§§§#........#
#.......###§§§§§§§§§§§#........##
#.......# #§§§§§§§§§§§#..........
#.......# #§§§§§@§§§§§#.....##...
#.......# #§§§§§§§§§§§#.....#####
#.......# #############.....# #
#.......# #.........# # #.......#
#.........# ####.#### ##.......##
#.# ##.....## ### #######


There were no monsters in sight!


Message History

You fly upwards.
There is a stone staircase leading down here.
You see here 9 stones {throwing}.
There is an open door here.
An Executioner comes into view. 😎 HP[+14]
Your hp is fully restored (228).
Unknown command.
Casting: Chain Lightning (dangerous; 2% risk of failure)
Confirm with . or Enter, or press ? or * to list all spells.
Lightning arcs from your hands!
The bolt of lightning hits the Executioner!!!
The Executioner resists.
You kill the Executioner!
The bolt of lightning hits you! You resist. 😕 HP[-22]
You take 22 damage, and now have 206/228 hp.
Unknown command. 😕 HP[+1] 😕 HP[+1] 😕 HP[+1]
There is a stone staircase leading up here.
You fly upwards.
There is a stone staircase leading down here. 😕 HP[+2]
You regained 2 hp, and now have 211/228 hp.
(D) Dungeon (T) Temple (L) Lair (A) Shoals (N) Spider Nest (M) Slime Pits (O) Orcish Mines (E) Elven Halls (V) Vaults (C) Crypt (W) Tomb (U) Depths (H) Hell (Z) Zot
Where to? (Enter - D:1, ? - help)
What level of the Dungeon? (default 1, ? - help)
There is a stone staircase leading up here.
You fly upwards.
There is a stone staircase leading down here.
There is a stone staircase leading up here.
You fly upwards.
There is a stone staircase leading down here.
There is a stone staircase leading up here.
You fly upwards.
There is a stone staircase leading down here.
There is a stone staircase leading up here.
You fly upwards.
There is a stone staircase leading down here.
There is a stone staircase leading up here.
You fly upwards.
There is a stone staircase leading down here. 😎 HP[+17]
Your hp is fully restored (228).
You see here a +0 dagger {short}.
You see here a +0 dagger {short}.
A smoke demon comes into view.
There is an open door here.
You see here a +0 club {mace}.
The smoke demon moves out of view.
A balrug and 2 sun demons come into view.
The balrug is wielding a +0 demon whip of venom.
A sun demon comes into view.
The sun demon shouts! x2
The balrug gestures at you. Something smites you! 😕 HP[-13]
You take 13 damage, and now have 215/228 hp.
Unknown command.
Casting: Chain Lightning (dangerous; 2% risk of failure)
Confirm with . or Enter, or press ? or * to list all spells.
You miscast Polar Vortex.
You are very lightly contaminated with residual magic.
You feel extremely cold. You resist.
The sun demon closely misses you. 😕 HP[-13]
You take 13 damage, and now have 202/228 hp.
Unknown command.
Casting: Polar Vortex (dangerous; 2% risk of failure)
Confirm with . or Enter, or press ? or * to list all spells.
A great freezing vortex appears around you.
The balrug gestures at you. The bolt of fire misses you.
The sun demon misses you.
A shadow demon comes into view. 😕 HP[-9]
You take 9 damage, and now have 193/228 hp.
Unknown command.
The sun demon attacks as you move away! The sun demon closely misses you.
You kill the sun demon! x3
The balrug gestures at you.
The fireball explodes!
The fireball engulfs you. You resist.
Your base Armour skill increases to level 19! 😕 HP[-5]
You take 5 damage, and now have 188/228 hp.
Unknown command.
You kill the balrug!
You block the shadow demon's attack. 😕 HP[+1] Unknown command.
You kill the shadow demon!
Unknown command.
There is a staircase leading out of the dungeon here. 😕 HP[+1] Unknown command.
The winds around you start to calm down.
You have escaped!

Skill      XL: |  1  2  3  4  5  6  7  8  9 10 11 12 13 14 15 16 17 18 19 20 21 22 23 24 25 26 27 |
---------------+----------------------------------------------------------------------------------+-----
Fighting       | 2 3 4 5 7 9 10 11 16 17 19 | 19.1
Spellcasting   | 3 4 5 6 7 8 11 13 14 16 19 | 19.1
Dodging        | 6 8 11 13 14 16 20 23 | 23.5
Evocations     | 2 4 6 8 9 |  9.3
Shields        | 3 |  3.8
Polearms       | 4 7 |  7.7
Stealth        | 6 |  6.1
Ranged Weapons | 5 10 14 15 16 | 16.0
Armour         | 7 11 12 19 | 19.0
Unarmed Combat | |  3.0

Action                   |  1- 3 |  4- 6 |  7- 9 | 10-12 | 13-15 | 16-18 | 19-21 | 22-24 | 25-27 || total
-------------------------+-------+-------+-------+-------+-------+-------+-------+-------+-------++-------
Melee: Dagger            |    70 |    49 |       |       |       |       |       |       |       ||   119
       Punch             |     3 |     2 |       |       |       |       |       |       |       ||     5
       Spear             |       |    41 |     8 |       |       |       |       |       |       ||    49
       Halberd           |       |       |    91 |    91 |       |       |       |       |       ||   182
       Demon trident     |       |       |       |    71 |   330 |     2 |       |       |       ||   403
       Trident           |       |       |       |     4 |       |       |       |       |       ||     4
 Fire: Longbow           |       |       |       |       |       |   765 |   868 |  1249 |  1643 ||  4525
 Cast: Summon Small Mamm |    38 |    19 |    19 |    44 |    13 |       |       |       |       ||   133
       Call Canine Famil |     2 |    23 |    27 |    58 |    35 |     7 |       |       |       ||   152
       Gell's Gravitas   |       |       |     8 |    27 |    19 |     8 |     2 |    10 |       ||    74
       Vhi's Electric Ch |       |       |     1 |     1 |     4 |       |       |       |       ||     6
       Sticky Flame      |       |       |       |    39 |    10 |       |       |       |       ||    49
       Lee's Rapid Decon |       |       |       |       |   196 |    76 |    47 |    14 |    75 ||   408
       Apportation       |       |       |       |       |     1 |     1 |       |       |       ||     2
       Death Channel     |       |       |       |       |    11 |    18 |    23 |    17 |     4 ||    73
       Momentum Strike   |       |       |       |       |     2 |       |       |       |       ||     2
       Conjure Ball Ligh |       |       |       |       |       |    29 |     1 |     1 |       ||    31
       Malign Gateway    |       |       |       |       |       |       |    53 |    27 |    19 ||    99
       Summon Hydra      |       |       |       |       |       |       |     6 |    11 |     1 ||    18
       Disjunction       |       |       |       |       |       |       |       |    10 |       ||    10
       Chain Lightning   |       |       |       |       |       |       |       |       |    45 ||    45
       Polar Vortex      |       |       |       |       |       |       |       |       |    11 ||    11
Invok: Curse Item        |       |       |     1 |     6 |     2 |     4 |     3 |     1 |       ||    17
       Shatter the Chain |       |       |       |     1 |       |     4 |     4 |       |       ||     9
Evoke: Wand              |       |       |     8 |    14 |     6 |    15 |     7 |       |       ||    50
       Phantom mirror    |       |       |       |       |     1 |     3 |     2 |       |     1 ||     7
       Tin of tremorston |       |       |       |       |       |       |     2 |     3 |       ||     5
       Condenser vane    |       |       |       |       |       |       |       |       |     1 ||     1
  Use: Scroll            |     5 |     2 |     5 |    13 |     2 |     5 |    16 |     2 |    15 ||    65
       Potion            |       |       |     1 |     3 |     1 |       |     1 |     2 |     9 ||    17
 Stab: Distracted        |       |     3 |     2 |     5 |     4 |       |       |       |       ||    14
       Sleeping          |       |     1 |     1 |       |     3 |       |       |       |       ||     5
Armor: Robe              |    18 |    15 |    12 |    19 |    21 |       |       |       |       ||    85
       Steam dragon scal |       |       |     5 |     1 |       |       |       |       |       ||     6
       Leather armour    |       |       |       |       |       |    33 |       |       |       ||    33
       Quicksilver drago |       |       |       |       |       |    40 |   126 |    96 |   100 ||   362
Dodge: Dodged            |    53 |    45 |    56 |   166 |   288 |   332 |   603 |   452 |   607 ||  2602
Block: Buckler           |       |       |       |    20 |    80 |       |       |       |       ||   100
       Other             |       |       |       |       |       |       |    70 |    62 |   100 ||   232
       Reflection        |       |       |       |       |       |       |     3 |    12 |     4 ||    19

Levels and vault maps discovered:
D:1:      lightli_arrival_quake, layout_rooms, serial_glass, glass_columns_a,
          glass_columns_b, ebering_ecumenical_altar_sacrificial
D:2:      layout_loops_ring, basic_altar, serial_shops, nicolae_square_shop
D:3:      layout_rooms, serial_shops, shop, hangedman_decor_push, hex_medium
D:4:      layout_cave_pools, overflow_temple_1_default, serial_bayou_pond_a
D:5:      layout_gridville, marbit_many_paths, minmay_temple_entry_mini_moons,
          uniq_blork_the_orc, uniq_ijyb, uniq_sigmund
D:6:      layout_rooms, mainiacjoe_overflow_concentric_impassable, uniq_maggie
D:7:      layout_gridville, mainiacjoe_overflow_tiny_flanked, serial_shops,
          nicolae_shop_bloodbath_and_beyond, kennysheep_generic_room_12
D:8:      layout_basic, eat_drink_and_be_merry_uskayaw
D:9:      layout_stronghold, minmay_orc_entry_guard_dogs, nicolae_diode_stairs
D:10:     layout_irregular_city, enter_trove_5, chequers_serial_rivers_room_b
D:11:     layout_gridville, lair_entry_dummy, zin_angel
D:12:     layout_long_grid
D:13:     layout_cave_pods, david_vaults_1
D:14:     layout_roguey, pdpol_wu_jian_five_deadly_venoms
D:15:     grunt_enter_depths_magical_seal, layout_basic, special_room
          [special_room_mythical_zoo], nicolae_shop_sticking_my_neck_out
Temple:   hellmonk_temple_divided_pantheon
Lair:1:   layout_cellular_growth, serial_bayou_pond_e, serial_bayou_crossing,
          lemuel_fruit_fields
Lair:2:   layout_cellular_growth, spider_nest_entry_funnel_web, serial_rivers,
          chequers_serial_rivers_small_b, chequers_serial_rivers_large_a,
          chequers_serial_rivers_marsh, chequers_serial_rivers_small_b,
          chequers_serial_rivers_micro_b, minivault_11,
          chequers_serial_rivers_micro_d, chequers_serial_rivers_micro_c,
          nicolae_lair_grazing_beasts [nicolae_sub_lair_graze_edge,
          nicolae_sub_lair_graze_edge, nicolae_sub_lair_graze_edge,
          nicolae_sub_lair_graze_edge], uniq_amaemon, uniq_harold
Lair:3:   layout_small_grid, minmay_shoals_entry_beasts, grunt_megastairs_3
Lair:4:   layout_gridlike, nicolae_slime_entry_slimehenge, basic_altar,
          st_stairs_7, minmay_lair_oklob_bushes, cheibrodos_lair_reptile_den,
          infiniplex_staircase_pool, serial_bayou_shore_b, uniq_kirke
Lair:5:   grunt_lair_end_beastmaster, layout_misc_corridors,
          serial_bayou_shore_b
Shoals:1: layout_shoals, serial_shops, nicolae_shop_hallway_stairs,
          nicolae_shoals_gull_way, uniq_josephine
Shoals:2: layout_shoals, serial_shops, shop
Shoals:3: layout_shoals, serial_shops, nicolae_shop_overgrown_old_shop,
          nicolae_shoals_drake_roost, uniq_polyphemus, uniq_roxanne, uniq_nikola
Shoals:4: shoals_end_grunt_ice, layout_shoals, nzn_prometheus_bound
Spider:1: layout_spider_delve, uniq_aizul
Spider:2: layout_spider_delve
Spider:3: layout_chambers
Spider:4: floodkiller_spider_rune_tomb, uniq_mlioglotl
Orc:1:    layout_caves, uniq_gastronok
Orc:2:    kennysheep_orc_mage_school, layout_caves
Elf:1:    layout_gridlike, serial_shops, shop, minmay_elf_annihilation,
          drop_trap, uniq_jorgrun, uniq_frances, uniq_asterion, uniq_zenata
Elf:2:    nicolae_elf_blades_crystal_corner, layout_gridlike, serial_shops,
          shop, serial_sigils_hangedman_gut, minivault_28, uniq_donald
Elf:3:    minmay_elf_hall, layout_geoelf_castle, serial_nicolae_subway,
          nicolae_sub_station_metal, nicolae_sub_station_stone,
          nicolae_sub_station_crystal
Vaults:1: st_lines, hangedman_vaults_trim, v_rooms_4,
          nicolae_vaults_circle_grid_b, vaults_dpeg_ring,
          vaults_dpeg_encased_lava, hangedman_vaults_river_flow, v_misc_19,
          ontoclasm_vaults_chip, v_pattern_2, v_misc_2, vaults_room_door_ring,
          vaults_room_pool, layout_vaults_omnicross, serial_shops,
          nicolae_shop_hallway_plus
Vaults:2: v_alt_pattern_6, nicolae_vaults_little_squares_2,
          hangedman_vaults_unwind, v_misc_33, minmay_crypt_entry_necro_gods,
          nicolae_vaults_mini_display_case, nicolae_vaults_big_angled_halls,
          special_room_vaults [special_room_orc], vaults_room_pools,
          ontoclasm_vaults_loading_screen, vaults_room_corners,
          grunt_vaults_hallway_short, grunt_vaults_focal, vaults_room_door_hall,
          layout_vaults_omnibox
Vaults:3: ontoclasm_vaults_misaligned, nicolae_vaults_ninety_degrees,
          ontoclasm_vaults_misaligned, vaults_room_octagon, v_misc_27,
          v_pattern_4, vaults_room_grid, ontoclasm_vaults_loading_screen,
          hangedman_vaults_snaps, layout_vaults_chaotic_city
Vaults:4: v_misc_33, v_misc_29, vaults_room_fours,
          nicolae_vaults_border_crossing, hangedman_vaults_variations,
          v_misc_27, vaults_room_hallway, nicolae_vaults_asterisk,
          grunt_vaults_hallway_short, nicolae_vaults_circle_grid_b,
          ontoclasm_vaults_loading_screen, vaults_room_large_hall,
          vaults_room_semicircle, vaults_room_pool, layout_vaults_maze_snakey,
          serial_shops, shop, nicolae_shop_overgrown_old_shop,
          nicolae_shop_trees
Vaults:5: serial_shops
Crypt:1:  layout_misc_corridors, grunt_crypt_arrival_split
Crypt:2:  cheibrodos_crypt_down_in_the_bonehoard, layout_misc_corridors
Crypt:3:  church_of_pain_bobbens, layout_chaotic_city, tomb_entry_shell_bobbens,
          uniq_khufu
Depths:1: layout_cave_pools, serial_shops, shop, hell_entry,
          amcnicky_mini_rare_corridor_liquid, lemuel_freeze_loot_1
Depths:2: minmay_strange_plus, layout_gridlike, grunt_pan_entry_spiral,
          grunt_metal_band, kennysheep_small_spiral, minmay_misc_feat_tower,
          uniq_vv
Depths:3: hangedman_six_sided_sadism, layout_long_grid, enter_ziggurat_e,
          wad_floor_pattern_untrapped, abyss_entry_small_statue_room, hell_entry
Depths:4: evilmike_zot_entry_round, layout_basic, hangedman_abyss_entry_splay,
          hangedman_geh_valley, nicolae_hepliaklqana_hazy_memory,
          serial_bayou_shore_a
Zot:1:    hellmonk_paralyzer, layout_onion_interference
Zot:2:    lemuel_draconian_sentries_small, layout_cellular_growth
Zot:3:    layout_twisted_circle, lemuel_elevator
Zot:4:    kennysheep_blocky_hall, layout_misc_corridors
Zot:5:    layout_misc_corridors, st_stairs_11, nicolae_diode_basic

Notes
Turn   | Place    | Note
-------+----------+-------------------------------------------
     0 | D:1      | MackTheKnife the Djinni Wanderer began the quest for the
                  | Orb.
     0 | D:1      | MackTheKnife set off with the following items: a +0 dagger
                  | {short}, a potion of berserk rage {!q}, a +0 buckler, a
                  | potion of haste {@q3}, a +0 robe, a scroll of blinking
                  | {!r}the following spells memorised: Call Canine Familiar,
                  | Summon Small Mammal.
     0 | D:1      | Reached XP level 1. HP: 17/17 MP: 0/0
     0 | D:1      | magus.rc [v1.9.6]
    46 | D:1      | HP: 3/17 [frozen (7)]
   256 | D:1      | Reached XP level 2. HP: 21/22 MP: 0/0
   264 | D:1      | Found a faded altar of an unknown god.
   501 | D:1      | Reached skill level 2 in Fighting
   501 | D:1      | Reached XP level 3. HP: 26/28 MP: 0/0
   501 | D:1      | Learned a level 1 spell: Apportation
   864 | D:2      | Reached skill level 3 in Spellcasting
   985 | D:2      | Found the ring of the Mage {Wiz Archmagi}
  1053 | D:2      | Found a glowing golden altar of the Shining One.
  1179 | D:2      | Found Necverie's Magic Scroll Shoppe.
  1189 | D:2      | Bought a scroll of identify for 26 gold pieces
  1230 | D:2      | Reached XP level 4. HP: 32/33 MP: 0/0
  1310 | D:2      | Identified the +3 scale mail of Juisodde {-Cast Harm Str+5
                  | Dex+3}
  1958 | D:3      | Reached XP level 5. HP: 22/40 MP: 0/0
  1958 | D:3      | Learned a level 2 spell: Momentum Strike
  2217 | D:3      | Found Motugurph's Book Shoppe.
  2839 | D:4      | Reached skill level 3 in Fighting
  3048 | D:4      | Reached skill level 4 in Spellcasting
  3048 | D:4      | Reached XP level 6. HP: 32/46 MP: 0/0
  3112 | D:4      | Identified the +2 falchion "Zicwouk" {flame, rPois rC-
                  | Dex+2}
  3284 | D:4      | Noticed an ogre
  3298 | D:4      | Killed an ogre
  3299 | D:4      | Reached skill level 4 in Fighting
  3343 | D:4      | Found a snail-covered altar of Cheibriados.
  3573 | D:5      | Entered Level 5 of the Dungeon
  3593 | D:5      | Reached XP level 7. HP: 49/52 MP: 0/0
  3593 | D:5      | Learned a level 3 spell: Gell's Gravitas
  3835 | D:5      | Noticed Sigmund
  3845 | D:5      | Killed Sigmund
  3846 | D:5      | Reached skill level 5 in Fighting
  3846 | D:5      | Reached skill level 5 in Spellcasting
  3864 | D:5      | Reached XP level 8. HP: 46/60 MP: 0/0
  3991 | D:5      | Noticed Blork the orc
  3999 | D:5      | Killed Blork the orc
  4000 | D:5      | Reached skill level 6 in Fighting
  4023 | D:5      | You are sucked into a shaft and drop 3 floors!
  4332 | D:7      | Found a sacrificial altar of Ru.
  4450 | D:7      | Reached skill level 6 in Spellcasting
  4474 | D:7      | Found Nuny Eje's Weapon Shoppe.
  4517 | D:6      | Found a burning altar of Makhleb.
  4525 | D:6      | Noticed Maggie
  4526 | D:6      | Reached skill level 7 in Fighting
  4669 | D:5      | Reached XP level 9. HP: 62/68 MP: 0/0
  4669 | D:5      | Learned a level 3 spell: Vhi's Electric Charge
  4709 | D:5      | Found a staircase to the Ecumenical Temple.
  4709 | D:5      | Noticed Ijyb
  4714 | D:5      | Killed Ijyb
  4722 | Temple   | Entered the Ecumenical Temple
  4722 | Temple   | Found a transporter.
  4722 | Temple   | Found a transporter.
  4724 | Temple   | Found a transporter.
  4724 | Temple   | Found a transporter.
  4735 | Temple   | Became a worshipper of Ashenzari the Shackled
  5291 | D:5      | Found a white marble altar of Elyvilon.
  5433 | D:6      | Reached skill level 8 in Fighting
  5608 | D:6      | Reached skill level 7 in Spellcasting
  5752 | D:6      | Killed Maggie
  6292 | D:7      | Reached skill level 9 in Fighting
  6292 | D:7      | Reached XP level 10. HP: 74/78 MP: 0/0
  6525 | D:7      | Identified a scroll of acquirement
  6525 | D:7      | Acquired the ring of Guolopot {EV+5 Str+2}
  6878 | D:8      | Found a hide-covered altar of Uskayaw.
  6892 | D:8      | Reached skill level 2 in Dodging
  7361 | D:9      | Found a staircase to the Orcish Mines.
  7377 | D:9      | Reached skill level 3 in Dodging
  7541 | D:9      | Reached skill level 4 in Dodging
  7589 | D:9      | Reached skill level 10 in Fighting
  7693 | D:9      | Found a transporter.
  8033 | D:9      | HP: 17/81 [orc warrior/+0 glaive (15)]
  8772 | D:9      | Found a transporter.
  8865 | D:10     | Entered Level 10 of the Dungeon
  8877 | D:10     | Reached skill level 5 in Dodging
  8959 | D:10     | Identified the +0 cloak "Miukupitwi" {rElec Will+++ Str-3
                  | Dex-2}
  9232 | D:10     | Noticed a vault guard
  9268 | D:10     | Killed a vault guard
  9269 | D:10     | Reached skill level 6 in Dodging
  9291 | D:10     | Found a portal to a secret trove of treasure.
  9295 | D:10     | This trove needs 4 potions of resistance to function. Give
                  | it the items?
  9397 | D:10     | Reached XP level 11. HP: 67/87 MP: 0/0
  9397 | D:10     | Learned a level 4 spell: Sticky Flame
  9470 | D:10     | Reached skill level 11 in Fighting
  9821 | D:11     | Found a staircase to the Lair.
  9848 | D:11     | Reached skill level 7 in Dodging
  9964 | D:11     | Reached * piety under Ashenzari
 10020 | D:11     | Noticed a boulder beetle
 10046 | D:11     | Killed a boulder beetle
 10153 | D:11     | Reached skill level 2 in Evocations
 10224 | D:11     | Noticed a cyclops
 10451 | D:11     | Identified Oliposio's Teachings on Conjured Despair
 10528 | Lair:1   | Entered Level 1 of the Lair of Beasts
 10715 | Lair:1   | Reached skill level 3 in Shields
 10888 | Lair:1   | Reached ** piety under Ashenzari
 11176 | Lair:1   | Reached skill level 8 in Spellcasting
 11398 | Lair:1   | Reached *** piety under Ashenzari
 11819 | Lair:2   | Found a hole to the Spider Nest.
 11931 | Lair:2   | Reached skill level 8 in Dodging
 12075 | Lair:2   | Reached XP level 12. HP: 99/101 MP: 0/0
 12092 | Lair:2   | Noticed a death yak
 12092 | Lair:2   | Noticed a death yak
 12093 | Lair:2   | Noticed a death yak
 12093 | Lair:2   | Noticed a death yak
 12094 | Lair:2   | Noticed a death yak
 12101 | Lair:2   | Noticed a death yak
 12111 | Lair:2   | Noticed a death yak
 12116 | Lair:2   | Killed a death yak
 12116 | Lair:2   | Killed a death yak
 12116 | Lair:2   | Killed a death yak
 12117 | Lair:2   | Reached skill level 10 in Dodging
 12124 | Lair:2   | Killed a death yak
 12125 | Lair:2   | Killed a death yak
 12126 | Lair:2   | Reached skill level 11 in Dodging
 12126 | Lair:2   | Killed a death yak
 12141 | Lair:2   | Killed a death yak
 12768 | Lair:2   | Noticed Harold
 12777 | Lair:2   | Killed Harold
 12778 | Lair:2   | Reached skill level 1 in Polearms
 12872 | Lair:2   | Noticed Amaemon
 12888 | Lair:2   | Reached skill level 2 in Polearms
 12898 | Lair:2   | Killed Amaemon
 12899 | Lair:2   | Reached skill level 3 in Polearms
 13422 | Lair:3   | Gained mutation: Your spells are a little easier to cast,
                  | but a little less powerful. [potion of mutation]
 13423 | Lair:3   | Lost mutation: Your spells are a little easier to cast, but
                  | a little less powerful. [potion of mutation]
 13423 | Lair:3   | Gained mutation: Your muscles are strong. (Str +4, Int/Dex
                  | -1) [potion of mutation]
 13517 | Lair:3   | HP: 17/103 [manticore/volley of spikes (14)]
 13519 | Lair:3   | Reached skill level 4 in Polearms
 13717 | Lair:3   | Found a staircase to the Shoals.
 13720 | Lair:3   | Reached **** piety under Ashenzari
 13735 | Lair:3   | Reached skill level 3 in Evocations
 13806 | Lair:3   | Reached skill level 4 in Evocations
 13806 | Lair:3   | Reached XP level 13. HP: 108/112 MP: 0/0
 13806 | Lair:3   | Learned a level 5 spell: Lee's Rapid Deconstruction
 13878 | Lair:3   | Noticed an eight-headed hydra
 13887 | Lair:3   | Killed an eight-headed hydra
 13888 | Lair:3   | Reached skill level 5 in Evocations
 14313 | Lair:3   | Reached ***** piety under Ashenzari
 14424 | Lair:4   | Found a blossoming altar of Fedhas.
 14470 | Lair:4   | Reached skill level 6 in Evocations
 14537 | Lair:4   | Noticed an eight-headed hydra
 14547 | Lair:4   | Killed an eight-headed hydra
 14548 | Lair:4   | Reached skill level 5 in Polearms
 14605 | Lair:4   | Lost mutation: Your muscles are strong. (Str +4, Int/Dex
                  | -1) [potion of mutation]
 14605 | Lair:4   | Gained mutation: You are strong-willed. (Will+) [potion of
                  | mutation]
 14605 | Lair:4   | Gained mutation: Your spells are a little harder to cast,
                  | but a little more powerful. [potion of mutation]
 14679 | Lair:4   | Reached skill level 6 in Polearms
 14816 | Lair:4   | Identified the +5 scale mail of Beesil {rF- rC++}
 14817 | Lair:4   | Identified the +3 leather armour of the Fortifying Gods
                  | {Dex+3}
 15024 | Lair:4   | Reached skill level 7 in Polearms
 15060 | Lair:4   | Noticed Kirke
 15063 | Lair:4   | Killed Kirke
 15253 | Lair:4   | Found a viscous altar of Jiyva.
 15255 | Lair:4   | Found a staircase to the Slime Pits.
 15665 | Lair:5   | Entered Level 5 of the Lair of Beasts
 15684 | Lair:5   | Reached skill level 12 in Dodging
 15838 | Lair:5   | Identified the +5 glaive "Yhecull" {antimagic, rC- rN++
                  | Int+7}
 16072 | Lair:5   | Noticed a catoblepas
 16082 | Lair:5   | Reached skill level 13 in Dodging
 16091 | Lair:5   | Reached XP level 14. HP: 71/121 MP: 0/0
 16113 | Lair:5   | Reached skill level 14 in Dodging
 16339 | Lair:5   | Reached skill level 1 in Stealth
 16379 | Lair:5   | Reached skill level 2 in Stealth
 16459 | Lair:5   | Reached skill level 3 in Stealth
 16576 | Lair:5   | Reached skill level 4 in Stealth
 16812 | Lair:5   | Reached skill level 5 in Stealth
 16888 | Lair:5   | Upgraded the game from 0.30-a0-595-g91969c0fa5 to
                  | 0.30-a0-603-g51a0fb1b98
 16888 | Lair:5   | magus.rc [v1.9.6]
 16900 | Lair:5   | Reached skill level 6 in Stealth
 16901 | Lair:5   | Identified the +11 longbow "Paovaocw" {drain, rC+}
 17102 | Lair:5   | Reached skill level 1 in Ranged Weapons
 17343 | Lair:5   | Reached skill level 2 in Ranged Weapons
 17811 | Orc:1    | Entered Level 1 of the Orcish Mines
 17812 | Orc:1    | magus.rc [v1.9.6]
 17814 | Orc:1    | Reached skill level 3 in Ranged Weapons
 17919 | Orc:1    | Noticed Gastronok
 18135 | Orc:1    | Killed Gastronok
 18138 | Orc:1    | Reached skill level 4 in Ranged Weapons
 18666 | Orc:2    | Entered Level 2 of the Orcish Mines
 18667 | Orc:2    | magus.rc [v1.9.6]
 19259 | Orc:2    | Found a staircase to the Elven Halls.
 19388 | Orc:2    | Reached skill level 5 in Ranged Weapons
 19551 | Orc:2    | Reached XP level 15. HP: 118/128 MP: 0/0
 19551 | Orc:2    | Learned a level 6 spell: Death Channel
 19650 | Orc:2    | Noticed Nergalle
 19652 | Orc:2    | Found Wang's Distillery.
 19656 | Orc:2    | Killed Nergalle
 19657 | Orc:2    | Reached skill level 6 in Ranged Weapons
 19672 | Orc:2    | Bought a potion of heal wounds for 65 gold pieces
 19706 | Orc:2    | Found Voshiupn's Antique Weapon Boutique.
 19775 | Orc:2    | Found Qesuar's Jewellery Boutique.
 19784 | Orc:2    | Found Cenadwod's Distillery.
 19787 | Orc:2    | Bought an amulet of regeneration for 420 gold pieces
 19800 | Orc:2    | Bought a potion of mutation for 96 gold pieces
 20181 | Orc:2    | Bought a transparent broad axe for 306 gold pieces
 20181 | Orc:2    | Identified the +8 broad axe of Capuwodd {freeze, rCorr
                  | Str+4} (You bought it in a shop on level 2 of the Orcish
                  | Mines)
 20719 | D:11     | Found a glowing silver altar of Zin.
 20719 | D:11     | Noticed an angel
 21116 | D:12     | Reached skill level 7 in Ranged Weapons
 21615 | D:12     | Identified the +2 robe of Dishonesty {Dex+2}
 22125 | D:13     | Reached skill level 8 in Ranged Weapons
 22427 | D:13     | Found a gate to the Vaults.
 22753 | D:14     | Reached skill level 9 in Ranged Weapons
 22961 | D:14     | Found an ornate altar of the Wu Jian Council.
 23518 | D:15     | Entered Level 15 of the Dungeon
 23564 | D:15     | Reached skill level 10 in Ranged Weapons
 23709 | D:15     | Found Askor's Neck Hole.
 23902 | D:15     | Reached XP level 16. HP: 119/134 MP: 0/0
 23905 | D:15     | Reached skill level 11 in Ranged Weapons
 24181 | D:15     | Found a staircase to the Depths.
 24720 | Spider:1 | Entered Level 1 of the Spider Nest
 24720 | Spider:1 | Noticed Aizul
 24720 | Spider:1 | Identified the +2 short sword "Beruta" {drain, rPois rF+
                  | Dex-3}
 24787 | Shoals:1 | Entered Level 1 of the Shoals
 24842 | Shoals:1 | magus.rc [v1.9.6]
 24856 | Shoals:1 | Reached skill level 12 in Ranged Weapons
 24949 | Shoals:1 | Noticed Josephine
 24975 | Shoals:1 | Killed Josephine
 24996 | Shoals:1 | Found Biuggaas's Jewellery Shop.
 25733 | Shoals:2 | Reached skill level 13 in Ranged Weapons
 25762 | Shoals:2 | magus.rc [v1.9.6]
 25971 | Shoals:2 | Found Veagreitt's Weapon Emporium.
 26736 | Shoals:3 | Reached skill level 14 in Ranged Weapons
 26751 | Shoals:3 | Reached XP level 17. HP: 138/138 MP: 0/0
 26751 | Shoals:3 | Learned a level 6 spell: Conjure Ball Lightning
 26787 | Shoals:3 | Reached skill level 2 in Armour
 26817 | Shoals:3 | Reached skill level 3 in Armour
 26884 | Shoals:3 | Reached skill level 4 in Armour
 26960 | Shoals:3 | Noticed Polyphemus
 26980 | Shoals:3 | Reached skill level 5 in Armour
 26981 | Shoals:3 | Noticed Roxanne
 27090 | Shoals:3 | Killed Polyphemus
 27435 | Shoals:3 | Noticed Nikola
 27460 | Shoals:3 | Killed Nikola
 27471 | Shoals:3 | Found Zilefini's Assorted Antiques.
 27481 | Shoals:3 | Bought a scroll of enchant armour for 315 gold pieces
 27870 | Shoals:4 | Entered Level 4 of the Shoals
 27877 | Shoals:4 | Reached ****** piety under Ashenzari
 27964 | Shoals:4 | Reached skill level 15 in Ranged Weapons
 28279 | Spider:1 | Killed Aizul
 28754 | Elf:1    | Entered Level 1 of the Elven Halls
 28822 | Elf:1    | Noticed Zenata
 28824 | Elf:1    | K - quicksilver dragon scales {rare}
 28837 | Orc:2    | You finish putting on your quicksilver dragon scales
                  | {rare}.
 29034 | Depths:1 | Entered Level 1 of the Depths
 29050 | Depths:1 | Reached skill level 6 in Armour
 29164 | Depths:1 | Found a gateway to Hell.
 29188 | Depths:1 | Reached skill level 7 in Armour
 29188 | Depths:1 | Reached XP level 18. HP: 106/145 MP: 0/0
 29299 | Depths:1 | Found Usu Letz's Antique Armour Boutique.
 29648 | Depths:1 | Your quicksilver dragon scales {rare} glows black for a
                  | moment.
 29832 | Depths:2 | Noticed Vv
 29921 | Depths:2 | Identified the ring "Rir Gahe" {Fire Stlth+}
 30239 | Elf:1    | Zenata changed into Zenata the sphinx
 30239 | Elf:1    | Noticed Zenata
 30246 | Orc:2    | Killed Zenata the sphinx
 30247 | Orc:2    | Reached skill level 9 in Spellcasting
 30374 | Elf:1    | u - a +2 eveningstar {macerare=g}
 30380 | Orc:2    | You drop a +2 eveningstar {macerare=g}.
 30453 | Elf:1    | Noticed Frances
 30562 | Elf:1    | Identified the Secrets of Striking
 30645 | Elf:1    | Found Jiymmu's Jewellery Shoppe.
 30671 | Elf:1    | Identified the +8 rapier of Fundamental Breach {speed,
                  | Int+2}
 30855 | Elf:1    | Noticed Jorgrun
 30860 | Elf:1    | Killed Jorgrun
 31033 | Elf:1    | Reached skill level 10 in Spellcasting
 31035 | Elf:1    | Noticed Asterion
 31041 | Elf:1    | Killed Asterion
 31497 | Elf:2    | Noticed Donald
 31506 | Elf:2    | Killed Donald
 31507 | Elf:2    | Reached skill level 11 in Spellcasting
 31572 | Elf:2    | Found a runed translucent gate.
 31572 | Elf:2    | Found a runed translucent gate.
 31572 | Elf:2    | Found a runed translucent gate.
 31759 | Elf:2    | Found Pyxaom's Assorted Antiques.
 32051 | Elf:3    | Entered Level 3 of the Elven Halls
 32051 | Elf:3    | Found a transporter.
 32054 | Elf:3    | Found a transporter.
 32144 | Elf:3    | Found a transporter.
 32333 | Elf:3    | Found a transporter.
 32337 | Elf:3    | Found a transporter.
 32367 | Elf:3    | Reached XP level 19. HP: 152/156 MP: 0/0
 32367 | Elf:3    | Learned a level 7 spell: Malign Gateway
 32663 | Elf:3    | Noticed a deep elf blademaster
 32667 | Elf:3    | Noticed a deep elf blademaster
 32669 | Elf:3    | Killed a deep elf blademaster
 32670 | Elf:3    | Reached skill level 12 in Spellcasting
 32670 | Elf:3    | Killed a deep elf blademaster
 32671 | Elf:3    | Noticed a deep elf blademaster
 32683 | Elf:3    | Killed a deep elf blademaster
 32862 | Elf:3    | Reached skill level 13 in Spellcasting
 32865 | Elf:3    | Identified the ring of Noynn {rCorr Int-5 Dex+3}
 32910 | Elf:3    | Identified the amulet of Fiyrudgh {RegenMP Rampage Stlth+}
 32959 | Elf:3    | Noticed a deep elf blademaster
 32959 | Elf:3    | Noticed a deep elf blademaster
 32970 | Elf:3    | Killed a deep elf blademaster
 33077 | Elf:3    | Found a transporter.
 33399 | Elf:3    | Killed a deep elf blademaster
 33670 | Elf:3    | Identified the +6 mace of Joyful Slaughter {freeze, Str+4
                  | Dex+3}
 33670 | Elf:3    | Identified the Omnibus of Despicable Rituals and Anathema
 33670 | Elf:3    | Found the +5 glaive of the Guard {elec, spectral, AC+5}
 33670 | Elf:3    | Identified the +8 scimitar "Foush" {holy, rPois Will+ rCorr
                  | Str+2}
 33679 | Elf:3    | Identified the Annotations on Kinetic Reformation
 33683 | Elf:3    | Identified the +7 falchion of Yxkoiler {heavy, rF+}
 34126 | Shoals:4 | Identified the amulet "Xahiqa Zyiq" {Harm rElec Regen+
                  | Int+4}
 34147 | Shoals:3 | magus.rc [v1.9.6]
 34685 | Shoals:4 | Reached skill level 15 in Dodging
 35124 | Shoals:4 | Identified the Tome of Kinetic Energy
 35174 | Shoals:4 | Got a barnacled rune of Zot
 35363 | Shoals:4 | Reached skill level 16 in Dodging
 35931 | Lair:2   | Reached XP level 20. HP: 141/162 MP: 0/0
 36480 | D:10     | This trove needs 4 potions of resistance to function. Give
                  | it the items?
 36480 | D:10     | You paid a toll of 4 potions of resistance to enter a
                  | treasure trove
 36481 | Trove    | Entered a treasure trove
 36483 | Trove    | Identified the ring of the Death Scarab {rN++ Will+ Slay-6}
 36483 | Trove    | Identified the ring of Darkness {rC+ Will+ EV+5 Str+9
                  | Int-3}
 36483 | Trove    | Found the necklace of Bloodlust {*Rage Will++ Int-3 Slay+6}
 36483 | Trove    | Identified the amulet of Mozxuvvy {Spirit Dex+3}
 36483 | Trove    | Identified the amulet "Qarch" {Reflect rN+ Str+10 SH+5}
 36483 | Trove    | Identified the ring of Secrets {rPois rC- Int+4 Dex+5}
 36484 | Trove    | Identified the ring "Enidiam" {rPois rF+ rC+ Will++ Int+6}
 36484 | Trove    | Identified the ring of Qososal {rElec rPois Str+6 Int+5}
 36484 | Trove    | Identified the ring of Raffatae {rC+ rN+ rCorr EV+5 Dex+2}
 36484 | Trove    | Identified the amulet of Qeozol {Acrobat Str+7}
 36484 | Trove    | Identified the ring "Viniurary" {rF++ Str+6 SInv}
 36918 | Spider:1 | HP: 34/153 [entropy weaver (7)]
 37219 | Spider:2 | Reached skill level 17 in Dodging
 37315 | Spider:2 | Acquired 678 gold pieces
 37635 | Spider:2 | Identified the +9 whip "Uggaturim" {drain, rN+ Will- Str+4}
 38043 | Spider:3 | Reached skill level 18 in Dodging
 38762 | Spider:3 | Found the +4 Cigotuvi's embrace {rMiasma Drain rN+}
 38891 | Spider:3 | Reached skill level 19 in Dodging
 39329 | Spider:4 | Entered Level 4 of the Spider Nest
 39438 | Spider:4 | Noticed Mlioglotl
 39693 | Spider:4 | Killed Mlioglotl
 39826 | Spider:4 | Reached skill level 20 in Dodging
 39984 | Spider:4 | Reached XP level 21. HP: 128/161 MP: 0/0
 39984 | Spider:4 | Learned a level 7 spell: Summon Hydra
 40376 | Spider:4 | Reached skill level 12 in Fighting
 40814 | Spider:4 | Reached skill level 13 in Fighting
 40988 | Spider:4 | Got a gossamer rune of Zot
 41073 | Spider:4 | magus.rc [v1.9.6]
 41377 | Vaults:1 | Entered Level 1 of the Vaults
 41686 | Vaults:1 | Found Vearch's Magic Scroll Boutique.
 41691 | Vaults:1 | Bought 2 scrolls of blinking for 270 gold pieces
 41691 | Vaults:1 | Bought a scroll of magic mapping for 135 gold pieces
 41756 | Vaults:1 | Reached skill level 14 in Fighting
 42010 | Vaults:1 | magus.rc [v1.9.6]
 42257 | Vaults:1 | Reached skill level 15 in Fighting
 42757 | Vaults:1 | Reached skill level 16 in Fighting
 43001 | Vaults:1 | magus.rc [v1.9.6]
 43001 | Vaults:1 | magus.rc [v1.9.6]
 43378 | Vaults:2 | Reached XP level 22. HP: 181/182 MP: 0/0
 43472 | Vaults:2 | the cursed quicksilver dragon scales of Star-Bound Wisdom
                  | {Will+, rare, Fort, Self} is stuck to your body!
 43906 | Vaults:2 | Reached skill level 17 in Fighting
 44261 | Vaults:2 | Reached skill level 8 in Armour
 44314 | Vaults:2 | Found a staircase to the Crypt.
 44314 | Vaults:2 | Found a basalt altar of Yredelemnul.
 44716 | Vaults:3 | Reached skill level 9 in Armour
 45367 | Vaults:3 | Reached skill level 10 in Armour
 45970 | Vaults:3 | Reached skill level 11 in Armour
 46271 | Vaults:4 | Found Yhad's Assorted Antiques.
 46561 | Vaults:4 | Reached skill level 7 in Evocations
 46620 | Vaults:4 | Reached skill level 8 in Evocations
 46620 | Vaults:4 | Reached XP level 23. HP: 158/195 MP: 0/0
 46620 | Vaults:4 | Learned a level 8 spell: Disjunction
 47014 | Vaults:4 | Reached skill level 9 in Evocations
 47104 | Vaults:4 | Found Pabass's Weapon Shop.
 47360 | Vaults:4 | Found Hishroedy's Magic Scroll Shop.
 47580 | Vaults:4 | Identified the +5 scale mail of Orcheuni {+Inv}
 47691 | Vaults:5 | Entered Level 5 of the Vaults
 47691 | Vaults:5 | Noticed a golden dragon
 48275 | Depths:2 | Reached skill level 18 in Fighting
 48599 | Depths:2 | Killed Vv
 48600 | Depths:2 | Reached skill level 14 in Spellcasting
 49018 | Depths:2 | Noticed a caustic shrike
 49028 | Depths:2 | Killed a caustic shrike
 49036 | Depths:2 | Reached skill level 16 in Ranged Weapons
 49583 | Depths:2 | Found a one-way gate leading to the halls of Pandemonium.
 50197 | Depths:3 | Reached skill level 19 in Fighting
 50270 | Depths:3 | Found a one-way gateway to a ziggurat.
 50308 | Depths:3 | Reached XP level 24. HP: 208/208 MP: 0/0
 50549 | Depths:3 | Noticed a caustic shrike
 50643 | Depths:3 | Killed a caustic shrike
 50808 | Depths:3 | Reached skill level 21 in Dodging
 50898 | Depths:3 | Found a one-way gate to the infinite horrors of the Abyss.
 51372 | Depths:3 | Identified the +7 rapier "Cesiuj" {drain, Contam rN++ SInv}
 51485 | Depths:3 | Identified the +4 ring mail of Conscience {rPois rCorr MP+9
                  | Dex-4}
 51635 | Depths:4 | Entered Level 4 of the Depths
 51694 | Depths:4 | Found a hazy altar of Hepliaklqana.
 51876 | Depths:4 | Reached skill level 22 in Dodging
 52110 | Depths:4 | Noticed a juggernaut
 52115 | Depths:4 | Killed a juggernaut
 52442 | Depths:4 | Found a gate to the Realm of Zot.
 53505 | Vaults:5 | Noticed a golden dragon
 53508 | Vaults:5 | Noticed a dread lich
 53514 | Vaults:5 | Identified the ring of Nirrig {Will+ Dex+6}
 53530 | Vaults:5 | Noticed an ancient lich
 53536 | Vaults:5 | Killed an ancient lich
 53537 | Vaults:5 | Reached skill level 23 in Dodging
 53983 | Vaults:5 | N - +0 storm dragon scales {rare}
 54036 | Vaults:5 | Reached XP level 25. HP: 199/214 MP: 0/0
 54036 | Vaults:5 | Learned a level 9 spell: Chain Lightning
 54091 | Vaults:5 | Identified Sif Muna's Directory of Toxic Shapeshifting
 54252 | Vaults:5 | Identified the +5 spear of Compassion {heavy, Int+4 Stlth+}
 54252 | Vaults:5 | a yaktaur captain comes into view. It is wielding the +5
                  | spear of Compassion {heavy, Int+4 Stlth+} and wearing the
                  | ring of the Tortoise {AC+8}.
 54594 | Vaults:5 | Identified the ring of Zeanuple {+Blink rPois Str+7 Dex-2
                  | Slay+3}
 54783 | Vaults:5 | U - +0 shadow dragon scales {rare}
 54784 | Vaults:5 | You drop +0 shadow dragon scales {rare}.
 54820 | Vaults:5 | Identified the +2 pair of gloves "Oruffug" {rPois}
 54831 | Vaults:5 | You drop +0 storm dragon scales {rare}.
 54834 | Vaults:5 | +0 storm dragon scales {rare}; the +2 pair of gloves
                  | "Oruffug" {rPois}
 54878 | Vaults:5 | Reached skill level 15 in Spellcasting
 54978 | Vaults:5 | Identified the +11 glaive "Cuop" {spect, Str+3}
 55178 | Vaults:5 | Identified +0 gold dragon scales
 55187 | Vaults:5 | Got a silver rune of Zot
 55213 | Vaults:5 | U - +0 storm dragon scales {rare}
 55308 | Vaults:5 | Killed a dread lich
 55340 | Vaults:5 | Reached skill level 16 in Spellcasting
 55488 | Vaults:5 | V - +0 shadow dragon scales {rare}
 55489 | Vaults:5 | You drop +0 shadow dragon scales {rare}.
 55529 | Vaults:5 | W - +0 storm dragon scales {rare}
 55533 | Vaults:5 | You drop +0 storm dragon scales {rare}.
 55671 | Vaults:5 | E - +0 gold dragon scales {rare}
 55697 | Vaults:5 | You drop +0 gold dragon scales {rare}.
 56008 | Crypt:1  | Entered Level 1 of the Crypt
 56394 | Crypt:1  | Noticed a curse skull
 56402 | Crypt:1  | Killed a curse skull
 56410 | Crypt:1  | Noticed a curse skull
 56635 | Crypt:1  | Killed a curse skull
 57225 | Crypt:2  | Reached XP level 26. HP: 216/221 MP: 0/0
 57335 | Crypt:2  | Reached skill level 17 in Spellcasting
 57818 | Crypt:2  | Noticed a curse skull
 57820 | Crypt:2  | Killed a curse skull
 58626 | Crypt:3  | Entered Level 3 of the Crypt
 58626 | Crypt:3  | Noticed Khufu
 58626 | Crypt:3  | Noticed a royal mummy
 58626 | Crypt:3  | Noticed a royal mummy
 59233 | Crypt:3  | Found a staircase to the Tomb.
 59623 | Crypt:3  | Reached skill level 18 in Spellcasting
 60193 | Crypt:3  | Identified the ring of Ahul Nivei {rC++ Will- Str+5 Int+6}
 60207 | Crypt:3  | Identified the ring of Cippyff {rElec rN+ Str+6 Int+2}
 60233 | Crypt:3  | Identified the +3 lajatang "Poacont" {venom, rF+++ rCorr
                  | Dex-4}
 60448 | Crypt:3  | Identified the +7 whip of Ekiph {freeze, rPois rF++ rC-
                  | Int+9}
 60521 | Crypt:3  | V - a +5 eveningstar of draining {macerare=g}
 60575 | Crypt:3  | Identified the +6 dagger of Equilibrium {venom, Will+}
 60581 | Crypt:3  | Killed a royal mummy
 61347 | Zot:1    | Entered Level 1 of the Realm of Zot
 61904 | Zot:1    | Reached skill level 19 in Spellcasting
 61933 | Zot:1    | Reached skill level 12 in Armour
 62173 | Zot:1    | Identified the +8 morningstar of Osyirgh {pain, SInv}
 62293 | Zot:1    | Reached XP level 27. HP: 202/228 MP: 0/0
 62293 | Zot:1    | Learned a level 9 spell: Polar Vortex
 62619 | Zot:2    | Reached skill level 13 in Armour
 62998 | Zot:5    | Entered Level 5 of the Realm of Zot
 63021 | Zot:5    | Identified +0 gold dragon scales
 63022 | Zot:5    | Reached skill level 14 in Armour
 63024 | Zot:5    | +0 gold dragon scales {rare}; a golden dragon corpse
 63131 | Zot:5    | +0 gold dragon scales {rare}; a golden dragon corpse
 63167 | Zot:5    | Found a transporter.
 63622 | Zot:5    | Acquired 1244 gold pieces
 63640 | Zot:5    | Reached skill level 15 in Armour
 63835 | Zot:5    | Noticed a dread lich
 63845 | Zot:5    | Killed a dread lich
 63868 | Zot:5    | Noticed an orb of fire
 63876 | Zot:5    | Killed an orb of fire
 63892 | Zot:5    | Noticed an electric golem
 63893 | Zot:5    | Noticed a Killer Klown
 63898 | Zot:5    | Noticed a Killer Klown
 63901 | Zot:5    | Reached skill level 16 in Armour
 63902 | Zot:5    | Killed an electric golem
 63907 | Zot:5    | Killed a Killer Klown
 63909 | Zot:5    | Killed a Killer Klown
 64095 | Zot:5    | Noticed a Killer Klown
 64103 | Zot:5    | Killed a Killer Klown
 64111 | Zot:5    | Noticed a Killer Klown
 64122 | Zot:5    | Killed a Killer Klown
 64370 | Zot:5    | Noticed a Killer Klown
 64375 | Zot:5    | Killed a Killer Klown
 64376 | Zot:5    | Reached skill level 17 in Armour
 64519 | Zot:5    | Noticed a Killer Klown
 64525 | Zot:5    | Killed a Killer Klown
 64526 | Zot:5    | Reached skill level 18 in Armour
 64718 | Zot:5    | Noticed a Killer Klown
 64722 | Zot:5    | Noticed a Killer Klown
 64727 | Zot:5    | Killed a Killer Klown
 64727 | Zot:5    | a Killer Klown changed into an iron dragon
 64736 | Zot:5    | Got the Orb of Zot
 65454 | D:1      | Reached skill level 19 in Armour
 65458 | D:$      | Escaped with the Orb!

Vanquished Creatures
  2 dread liches
  An orb of fire (Zot:5)
  An ancient lich (Vaults:5)
  A royal mummy (Crypt:3)
  7 Killer Klowns (Zot:5)
  4 golden dragons
  Nikola (Shoals:3)
  A bone dragon (Depths:4)
  An electric golem (Zot:5)
  A Brimstone Fiend (Zot:1)
  Jorgrun (Elf:1)
  6 quicksilver dragons
  A lich (Vaults:5)
  9 tentacled monstrosities
  24 Orb Guardians
  2 deep elf blademasters (Elf:3)
  3 titans (Vaults:5)
  2 deep elf master archers (Elf:3)
  3 ancient champions
  Polyphemus (Shoals:3)
  4 sphinxes
  3 tengu reavers
  An Executioner (D:7)
  6 death cobs
  5 shadow dragons
  13 storm dragons
  Donald (Elf:2)
  4 draconian monks
  2 revenants (Crypt:2)
  8 draconian knights
  Kirke (Lair:4)
  An emperor scorpion (Lair:2)
  11 vault wardens
  3 deep elf sorcerers
  4 frost giants
  An iron dragon (Zot:5)
  4 fire giants
  A balrug (D:1)
  Aizul (Spider:1)
  5 ghost moths
  An orc warlord (Vaults:3)
  7 draconian shifters
  3 ghouls (Crypt:2)
  3 curse skulls
  3 draconian scorchers
  8 ironbound preservers
  2 draconian stormcallers
  14 very ugly things
  4 draconian annihilators
  2 reapers (Crypt:2)
  5 ironbound thunderhulks
  2 spriggan defenders (Depths:3)
  5 deep elf elementalists (Elf:3)
  A war gargoyle (Vaults:1)
  12 stone giants
  A broodmother (Spider:2)
  15 vampire knights
  4 green draconians
  8 black draconians
  A lorocyproca (D:14)
  5 deep elf demonologists
  5 yellow draconians
  6 deep elf annihilators
  5 dire elephants
  7 white draconians
  5 red draconians
  A bunyip (shapeshifter) (Vaults:5)
  5 spark wasps
  7 purple draconians
  A blizzard demon (Zot:1)
  5 fire dragons
  6 ettins
  8 merfolk impalers
  5 deep elf death magi
  3 great orbs of eyes
  3 merfolk javelineers
  2 crystal guardians
  5 eidola
  2 deep elf high priests
  10 jiangshi
  An elf zombie (Crypt:3)
  Josephine (Shoals:1)
  4 mummy priests
  2 entropy weavers
  25 vault guards
  2 peacekeepers
  10 yaktaur captains
  A hell beast (Zot:4)
  5 hydras
  3 spriggan air magi
  2 rakshasas
  2 ice dragons
  3 merfolk avatars
  4 catoblepae
  4 centaur warriors
  6 ironbound frosthearts
  3 alligator snapping turtles
  5 ogre magi
  A spriggan skeleton (Crypt:1)
  A radroach (Spider:3)
  8 boulder beetles
  6 merfolk aquamancers
  12 two-headed ogres
  17 dancing weapons
  A satyr (Shoals:4)
  15 vampire magi
  A death knight (Crypt:2)
  5 tengu warriors
  8 death scarabs (Spider:4)
  5 deep troll shamans
  14 death yaks
  2 orc high priests
  5 spriggan berserkers
  6 deep troll earth magi
  5 hell knights
  A spriggan (Depths:3)
  4 sun demons
  An emperor scorpion zombie (Crypt:2)
  Amaemon (Lair:2)
  Nergalle (Orc:2)
  6 deep elf knights
  4 soul eaters
  20 skeletal warriors
  3 iron trolls
  6 pharaoh ants
  A golden dragon zombie (Crypt:1)
  2 salamander mystics
  A shadow wraith (Crypt:2)
  A bunyip zombie (Crypt:3)
  8 flayed ghosts
  11 sea snakes
  A deep troll (shapeshifter) (Vaults:5)
  5 orb spiders
  A kraken simulacrum (Shoals:4)
  12 ironbound convokers
  34 deep trolls
  30 slime creatures
  7 wizards
  An obsidian statue (Zot:5)
  19 phantasmal warriors
  2 shadow demons
  13 deep elf pyromancers
  2 steelbarb worms
  5 orc knights
  7 orc sorcerers
  34 ugly things
  7 harpies
  10 deep elf archers
  A frost giant zombie (Crypt:3)
  4 lindwurms
  5 necromancers
  An oklob plant (Lair:4)
  8 wolf spiders
  23 deep elf zephyrmancers
  4 salamanders (Depths:4)
  11 manticores
  9 fauns
  12 moths of wrath
  11 cyclopes
  A salamander (shapeshifter) (Vaults:5)
  A shadow dragon skeleton (Vaults:4)
  A stone giant skeleton (Vaults:4)
  11 elephants (Lair:5)
  A shock serpent zombie (Crypt:2)
  4 centaur zombies
  9 vault sentinels
  5 torpor snails
  4 black mambas
  A torpor snail (shapeshifter) (Vaults:5)
  7 water nymphs
  A rust devil (Depths:2)
  6 demonic crawlers
  8 merfolk sirens
  2 centaur skeletons (D:15)
  An elephant slug zombie (Crypt:2)
  2 naga magi (D:15)
  An unseen horror (D:10)
  6 cane toads
  An orb spider zombie (Crypt:1)
  2 spectral redbacks (Spider:4)
  An unseen horror (shapeshifter) (D:14)
  A hellion (D:9)
  17 yaktaurs
  9 rime drakes
  5 tengu conjurers
  7 komodo dragons
  2 efreet
  A mana viper zombie (Crypt:1)
  4 freezing wraiths
  6 guardian mummies (Crypt:3)
  A minotaur skeleton (Crypt:1)
  7 trolls
  A purple draconian skeleton (Crypt:1)
  24 merfolk
  3 meliai (Spider:4)
  A troll (shapeshifter) (Vaults:5)
  17 tarantellas
  6 blink frogs
  4 wind drakes
  3 spectral tarantellas (Spider:4)
  3 spectral jumping spiders (Spider:4)
  2 hornets
  2 polar bears (Lair:5)
  A great orb of eyes zombie (Crypt:1)
  A raiju (shapeshifter) (Vaults:1)
  A jumping spider zombie (Spider:4)
  3 dream sheep
  A satyr zombie (Crypt:3)
  4 spectral culicivoras (Spider:4)
  21 jumping spiders
  10 snapping turtles
  9 culicivoras
  2 vampires
  An air elemental (Elf:2)
  An ettin skeleton (Crypt:3)
  12 wraiths
  A dire elephant simulacrum (Crypt:1)
  A satyr skeleton (Crypt:1)
  5 wyverns
  29 water elementals
  A basilisk (D:12)
  A fire bat (shapeshifter) (Vaults:5)
  A yak (shapeshifter) (D:15)
  33 yaks
  A hog (shapeshifter) (Vaults:5)
  3 fire elementals
  A hog (Lair:4)
  4 steam dragons (Shoals:3)
  35 redbacks
  6 wargs
  8 water moccasins
  An acid dragon (shapeshifter) (Vaults:5)
  An entropy weaver zombie (Crypt:2)
  A naga zombie (Crypt:3)
  A floating eye (shapeshifter) (Depths:4)
  A merfolk skeleton (Crypt:2)
  18 orc warriors
  A black bear (Lair:5)
  A cane toad skeleton (Crypt:1)
  10 wolves (Lair:5)
  5 ogres
  6 centaurs
  A phantom (D:6)
  A rime drake zombie (Crypt:1)
  2 necrophages
  4 bullfrogs
  A fire crab zombie (Crypt:3)
  3 earth elementals
  2 kobold brigands
  4 wights (D:10)
  2 spriggan zombies (Crypt:1)
  A queen bee zombie (Crypt:2)
  3 killer bees (D:7)
  A shapeshifter skeleton (Crypt:3)
  4 electric eels
  A howler monkey (D:6)
  A black bear zombie (Crypt:3)
  2 hounds (D:6)
  2 jellies
  11 orc priests
  A gnoll bouda (D:8)
  An iguana (D:6)
  22 orc wizards
  A boggart zombie (D:15)
  A scorpion zombie (Crypt:3)
  A tengu skeleton (Crypt:2)
  An ogre skeleton (Crypt:2)
  A boggart simulacrum (D:15)
  A mummy (Crypt:3)
  An adder (D:4)
  15 gnolls
  3 white imps
  An ufetubus (D:5)
  A worm zombie (Crypt:2)
  2 dart slugs
  54 orcs
  5 ball pythons
  2 bats
  8 endoplasms
  A giant cockroach (D:1)
  2 goblins (D:1)
  3 hobgoblins
  A quokka (D:5)
  A frilled lizard (D:3)
  14 kobolds
  3 rats
1531 creatures vanquished.

Vanquished Creatures (collateral kills)
  A juggernaut (Depths:4)
  Vv (Depths:2)
  2 caustic shrikes
  2 golden dragons
  A tentacled monstrosity (Vaults:5)
  Mlioglotl (Spider:4)
  2 liches (Vaults:5)
  A walking crystal tome (Depths:2)
  3 deep elf blademasters (Elf:3)
  Asterion (Elf:1)
  A titan (Vaults:5)
  A death cob (Zot:2)
  Gastronok (Orc:1)
  An eldritch tentacle (Depths:3)
  2 sphinxes (Depths:3)
  A shadow dragon (Vaults:5)
  2 ancient champions (Depths:3)
  2 storm dragons
  3 vault wardens
  A fire giant (Vaults:5)
  2 ghost moths
  An iron dragon (Depths:4)
  2 deep elf sorcerers
  2 emperor scorpions
  A frost giant (Depths:4)
  3 ironbound thunderhulks (Vaults:1)
  A broodmother (Spider:4)
  5 ironbound preservers
  3 very ugly things
  A stone giant (Vaults:5)
  2 war gargoyles
  4 vampire knights
  5 dire elephants
  A red draconian (Zot:1)
  3 white draconians
  4 yellow draconians
  A spark wasp (Spider:2)
  2 deep elf death magi
  A merfolk javelineer (Shoals:2)
  7 entropy weavers
  2 merfolk impalers (Shoals:4)
  A jiangshi (Crypt:3)
  A deep elf high priest (Depths:3)
  Harold (Lair:2)
  2 vault guards
  2 yaktaur captains
  2 hydras
  2 peacekeepers
  2 ice dragons
  An ogre mage (D:15)
  2 ironbound frosthearts (Vaults:4)
  3 jorogumos
  6 centaur warriors
  2 radroaches
  4 two-headed ogres
  A boulder beetle (Spider:3)
  A merfolk aquamancer (Shoals:1)
  2 alligator snapping turtles (Shoals:4)
  4 tengu warriors
  2 satyrs
  2 death scarabs (Spider:4)
  3 deep troll earth magi (Depths:3)
  A spectral emperor scorpion (Spider:4)
  4 vampire magi
  2 death yaks
  2 spriggan berserkers
  A deep elf knight (Elf:3)
  A hell knight (Depths:2)
  A salamander mystic (Depths:3)
  2 iron trolls (Depths:3)
  4 skeletal warriors (Crypt:3)
  5 sea snakes
  A storm dragon skeleton (Vaults:4)
  7 pharaoh ants
  17 deep trolls
  A sun moth (Spider:2)
  7 lindwurms
  3 wizards
  2 wolf spider zombies
  2 spectral wolf spiders (Spider:4)
  6 ironbound convokers
  6 orb spiders
  3 orc knights
  5 phantasmal warriors
  A steelbarb worm (Spider:2)
  3 necromancers
  8 wolf spiders
  4 harpies (Shoals:3)
  13 ugly things
  2 orc sorcerers
  A stone giant zombie (Crypt:3)
  7 fauns
  2 cyclopes (Shoals:3)
  2 manticores
  A moth of wrath (Spider:4)
  A merfolk siren (Shoals:3)
  A water nymph (Shoals:1)
  An elephant (Lair:5)
  A frost giant skeleton (Vaults:4)
  3 vault sentinels
  3 demonic crawlers
  A black mamba (Lair:3)
  A cane toad (Lair:1)
  3 torpor snails
  An orange demon (Lair:2)
  A gargoyle (D:11)
  Maggie (D:6)
  A komodo dragon (Lair:4)
  10 yaktaurs
  2 rime drakes (D:15)
  2 human skeletons (Vaults:4)
  8 merfolk
  3 meliai (Spider:4)
  2 wind drakes
  12 tarantellas
  A spectral culicivora (Spider:4)
  4 snapping turtles
  A spectral jumping spider (Spider:4)
  A stone giant simulacrum (Vaults:4)
  4 dream sheep
  5 slime creatures
  18 jumping spiders
  Sigmund (D:5)
  A shapeshifter (Zot:2)
  A wraith (Shoals:1)
  3 water elementals
  5 yaks
  15 culicivoras
  A wyvern (D:15)
  4 basilisks
  11 redbacks
  2 wargs (D:9)
  5 orc warriors
  3 water moccasins
  2 sky beasts
  A black bear (D:5)
  5 ogres
  2 wolves (Lair:5)
  A centaur (D:7)
  A phantom (D:6)
  2 kobold brigands
  Blork the orc (D:5)
  2 necrophages
  6 bullfrogs
  3 gnoll sergeants
  A scorpion (D:5)
  3 wights (D:7)
  A killer bee (D:7)
  A howler monkey (D:11)
  A hound (D:6)
  4 jellies
  A gnoll bouda (D:5)
  Ijyb (D:5)
  2 iguanas (D:5)
  3 hell rats (D:15)
  10 orc wizards
  17 gnolls
  5 adders
  An ufetubus (D:4)
  26 orcs
  4 ball pythons
  4 bats
  9 endoplasms
  2 hobgoblins (D:2)
  13 kobolds
  2 goblins (D:1)
  A rat (D:2)
  2 ball lightnings (Depths:1)
540 creatures vanquished.

Vanquished Creatures (others)
  A tentacled monstrosity (Vaults:5)
  98 eldritch tentacles
  A deep elf elementalist (Elf:3)
  An ironbound preserver (Vaults:4)
  A war gargoyle (Vaults:1)
  A deep elf annihilator (Elf:3)
  A deep elf knight (Elf:3)
  A yaktaur (Vaults:1)
  3 dream sheep (Shoals:3)
  A slime creature (Vaults:2)
  4 water elementals (Depths:1)
  2 humans (Lair:4)
  A redback (Spider:3)
  A basilisk (Lair:5)
  87 ball lightnings
  A bush (Lair:2)
  38 fungi
  158 plants
  4 tentacles (Shoals:4)
405 creatures vanquished.

Grand Total: 2476 creatures vanquished

Table legend:
 A = Non-vault XP
 B = Vault XP
 C = Vault XP percentage of total XP
 D = Non-vault monster count
 E = Vault monster count
 F = Vault count percentage of total count
                 A         B        C        D         E       F
            +---------+---------+-------+---------+---------+-------
      Total |  656623 |  565613 |  46.3 |    1358 |     706 |  34.2
            +---------+---------+-------+---------+---------+-------
        D:1 |      39 |       0 |   0.0 |      21 |       0 |   0.0
        D:2 |      57 |       0 |   0.0 |      21 |       0 |   0.0
        D:3 |     106 |       0 |   0.0 |      12 |       0 |   0.0
        D:4 |     316 |       0 |   0.0 |      15 |       0 |   0.0
        D:5 |     841 |     485 |  36.6 |      24 |       4 |  14.3
        D:6 |     752 |     389 |  34.1 |      19 |       1 |   5.0
        D:7 |     924 |       0 |   0.0 |      25 |       0 |   0.0
        D:8 |     692 |       0 |   0.0 |      14 |       0 |   0.0
        D:9 |    1256 |     634 |  33.5 |      37 |       4 |   9.8
       D:10 |    1575 |     876 |  35.7 |      21 |       1 |   4.5
       D:11 |    2521 |       0 |   0.0 |      10 |       0 |   0.0
       D:12 |    2743 |       0 |   0.0 |       9 |       0 |   0.0
       D:13 |    7975 |    1396 |  14.9 |      16 |       2 |  11.1
       D:14 |    8159 |       0 |   0.0 |      15 |       0 |   0.0
       D:15 |   10999 |    8749 |  44.3 |      20 |      24 |  54.5
     Lair:1 |    2979 |       0 |   0.0 |      12 |       0 |   0.0
     Lair:2 |    7740 |    8597 |  52.6 |      21 |      14 |  40.0
     Lair:3 |    3934 |    2038 |  34.1 |      15 |       4 |  21.1
     Lair:4 |    6894 |    3774 |  35.4 |      31 |      12 |  27.9
     Lair:5 |   13833 |    9460 |  40.6 |      44 |      20 |  31.2
   Shoals:1 |   12042 |    1966 |  14.0 |      25 |       6 |  19.4
   Shoals:2 |   14924 |       0 |   0.0 |      35 |       0 |   0.0
   Shoals:3 |   23914 |   11674 |  32.8 |      51 |      18 |  26.1
   Shoals:4 |   16417 |   17974 |  52.3 |      36 |      29 |  44.6
   Spider:1 |    9621 |    1217 |  11.2 |      29 |       1 |   3.3
   Spider:2 |   20337 |       0 |   0.0 |      55 |       0 |   0.0
   Spider:3 |   32268 |       0 |   0.0 |      77 |       0 |   0.0
   Spider:4 |   15189 |   33989 |  69.1 |      34 |      61 |  64.2
      Orc:1 |    2225 |    1502 |  40.3 |      15 |       1 |   6.2
      Orc:2 |    3838 |    8613 |  69.2 |      43 |      35 |  44.9
      Elf:1 |   12055 |    7719 |  39.0 |      21 |       8 |  27.6
      Elf:2 |   11506 |   10977 |  48.8 |      18 |      16 |  47.1
      Elf:3 |   12729 |   30542 |  70.6 |      20 |      26 |  56.5
   Vaults:1 |   34703 |   21354 |  38.1 |      54 |      34 |  38.6
   Vaults:2 |   25723 |   14239 |  35.6 |      39 |      42 |  51.9
   Vaults:3 |   17249 |   15534 |  47.4 |      29 |      20 |  40.8
   Vaults:4 |   28907 |   22490 |  43.8 |      41 |      31 |  43.1
   Vaults:5 |   25628 |  115175 |  81.8 |      36 |     102 |  73.9
    Crypt:1 |   19224 |       0 |   0.0 |      31 |       0 |   0.0
    Crypt:2 |   19088 |   25698 |  57.4 |      30 |      30 |  50.0
    Crypt:3 |   18538 |   37920 |  67.2 |      29 |      53 |  64.6
   Depths:1 |   14334 |       0 |   0.0 |      23 |       0 |   0.0
   Depths:2 |   22993 |   15308 |  40.0 |      28 |      12 |  30.0
   Depths:3 |   22750 |   41491 |  64.6 |      26 |      43 |  62.3
   Depths:4 |   24898 |   14097 |  36.2 |      28 |      13 |  31.7
      Zot:1 |   48849 |       0 |   0.0 |      42 |       0 |   0.0
      Zot:2 |   17269 |       0 |   0.0 |      15 |       0 |   0.0
      Zot:3 |       0 |    1909 | 100.0 |       0 |       1 | 100.0
      Zot:4 |    4346 |       0 |   0.0 |       3 |       0 |   0.0
      Zot:5 |   50724 |   77827 |  60.5 |      43 |      38 |  46.9
            +---------+---------+-------+---------+---------+-------

Illustrated notes

Table legend:
 A = Kills in this place as a percentage of kills in entire the game.
 B = Kills by you in this place as a percentage of kills by you in the entire game.
 C = Kills by friends in this place as a percentage of kills by friends in the entire game.
 D = Other kills in this place as a percentage of other kills in the entire game.
 E = Experience gained in this place as a percentage of experience gained in the entire game.
 F = Experience gained in this place divided by the number of levels of this place that you have seen.
                   A       B       C       D       E      F
               +-------+-------+-------+-------+-------+----------------------
         Total | 100.0 | 100.0 | 100.0 | 100.0 | 100.0 | 23767.5
       Dungeon |  15.6 |  12.4 |  25.0 |   0.0 |   4.7 | 3908.5
          Lair |   8.3 |   8.7 |   7.3 |  10.0 |   4.8 | 11849.8
        Shoals |   9.6 |   9.5 |   9.9 |  10.0 |   8.0 | 24727.8
   Spider Nest |  12.4 |  10.0 |  19.4 |   0.0 |   9.1 | 28155.2
  Orcish Mines |   4.5 |   5.0 |   3.2 |   0.0 |   1.3 | 8089.0
   Elven Halls |   5.2 |   6.5 |   1.1 |  30.0 |   6.9 | 28509.3
        Vaults |  20.6 |  20.1 |  21.8 |  40.0 |  26.0 | 64200.4
         Crypt |   8.3 |  10.2 |   3.2 |   0.0 |   9.7 | 40156.0
        Depths |   8.4 |   8.7 |   7.4 |  10.0 |  12.7 | 39132.2
           Zot |   7.0 |   8.9 |   1.9 |   0.0 |  16.7 | 41359.6
               +-------+-------+-------+-------+-------+----------------------

Table legend: (Time is in decaauts)
 A = Elapsed time spent in this place.
 B = Non-inter-level travel time spent in this place.
 C = Inter-level travel time spent in this place.
 D = Time resting spent in this place.
 E = Time spent auto-exploring this place.
 F = Levels seen in this place.
 G = Mean time per level.
                   A        B        C        D        E       F      G
               +--------+--------+--------+--------+--------+-----+--------+
         Total |  64330 |  58179 |   6151 |  14036 |  30853 |  52 | 1237.1 |
       Dungeon |  16956 |  14749 |   2207 |   3210 |   8957 |  15 | 1130.4 |
        Temple |     51 |     51 |      0 |      0 |     16 |   1 |   51.0 |
          Lair |   8525 |   7690 |    835 |   2265 |   4228 |   5 | 1705.0 |
        Shoals |   4818 |   4391 |    427 |    562 |   2506 |   4 | 1204.5 |
   Spider Nest |   5037 |   4635 |    402 |   1259 |   2224 |   4 | 1259.2 |
  Orcish Mines |   2099 |   1862 |    237 |    400 |   1003 |   2 | 1049.5 |
   Elven Halls |   3560 |   3354 |    206 |    404 |   2113 |   3 | 1186.7 |
        Vaults |   9129 |   8402 |    727 |   1882 |   4290 |   5 | 1825.8 |
         Crypt |   4727 |   4435 |    292 |   1577 |   1869 |   3 | 1575.7 |
        Depths |   5892 |   5292 |    600 |   1045 |   2833 |   4 | 1473.0 |
           Zot |   3464 |   3251 |    213 |   1430 |    814 |   5 |  692.8 |
         Trove |     66 |     66 |      0 |      0 |      0 |   1 |   66.0 |
               +--------+--------+--------+--------+--------+-----+--------+

Top non-repeatable levels by time:
  Lair:2: 2738 daAuts
     D:9: 2382 daAuts
Vaults:5: 2171 daAuts
Vaults:1: 2143 daAuts
 Crypt:2: 1892 daAuts
 Crypt:3: 1802 daAuts
   Elf:3: 1756 daAuts
Vaults:4: 1754 daAuts
Spider:3: 1731 daAuts
  Lair:4: 1708 daAuts
Depths:3: 1657 daAuts
Depths:2: 1636 daAuts
Vaults:3: 1632 daAuts
   Orc:2: 1623 daAuts
Shoals:3: 1612 daAuts
